 Dungeon Crawl Stone Soup version 0.29.1-12-g30fa7ad0bf (webtiles) character file.

Game seed: 12437735747581970976

4750 nachturnus the Blocker (level 10, 0/129 HPs)
             Began as a Human Fighter on Jan 7, 2023.
             Slain by an orc
             ... wielding a +0 trident
              (8 damage)
             ... in a bailey.
             The game lasted 00:24:04 (8787 turns).

nachturnus the Blocker (Human Fighter)              Turns: 8787, Time: 00:24:05

Health: 0/129      AC: 32    Str: 20    XL:     10   Next: 74%
Magic:  10/10      EV:  2    Int:  9    God:
Gold:   365        SH: 17    Dex: 13    Spells: 9/9 levels left

rFire   . . .      SeeInvis .   a - +1 flail (protect)
rCold   . . .      Faith    .   n - +0 tower shield
rNeg    . . .      Spirit   .   (body armour currently unavailable)
rPois   +          Reflect  .   (helmet currently unavailable)
rElec   .          Harm     .   (cloak currently unavailable)
rCorr   +          Rampage  .   (gloves currently unavailable)
Will    .....      NoTele   +   (boots currently unavailable)
Stlth   +.........              (no amulet)
HPRegen 0.31/turn               h - ring of poison resistance
MPRegen 0.12/turn               e - ring of resist corrosion

@: mighty, tree-form, under a protective aura
A: stationary, stasis, torment immunity, boosted hp, robust 1
a: no special abilities


You were in a bailey.
You were a tree.
You visited 1 branch of the dungeon, and saw 7 of its levels.
You also visited: Ossuary and Bailey.

You collected 365 gold pieces.

Inventory:

Hand Weapons
 a - a +1 flail of protection (weapon)
Missiles
 u - a throwing net (quivered)
Armour
 b - a +0 scale mail
 n - a +0 tower shield (worn)
 o - a +1 cloak (melded)
 s - a +0 pair of gloves (melded)
 v - a +0 chain mail (melded)
Jewellery
 c - a ring of positive energy
 e - a ring of resist corrosion (right branch)
 f - a ring of flight
 h - a ring of poison resistance (left branch)
 m - a ring of positive energy
 r - an amulet of faith
Wands
 l - a wand of flame (9)
Scrolls
 i - a scroll of blinking
 k - a scroll of teleportation
 t - a scroll of immolation
 w - a scroll of poison {unknown}
Potions
 g - 2 potions of curing
 j - 2 potions of mutation
 p - a potion of cancellation
 z - 2 potions of invisibility {unknown}


   Skills:
 + Level 7.1 Fighting
 - Level 10.2 Maces & Flails
 - Level 3.0 Armour
 - Level 12.4 Shields


You had 9 spell levels left.
You didn't know any spells.
Your spell library contained the following spells:

 Spells                   Type           Power      Damage    Failure   Level
 Foxfire                  Conj/Fire      0%         2x1d4     89%         1
 Ensorcelled Hibernation  Hex/Ice        0%         N/A       96%         2
 Conjure Flame            Conj/Fire      0%         6-21      99%         3
 Inner Flame              Hex/Fire       0%         N/A       99%         3
 Spider Form              Tmut/Pois      0%         N/A       99%         3
 Anguish                  Hex/Necr       0%         N/A       100%        4
 Flame Wave               Conj/Fire      0%         2d4       100%        4
 Agony                    Necr           0%         N/A       100%        5
 Malign Gateway           Summ/Tloc      0%         N/A       100%        7
 Necromutation            Tmut/Necr      0%         N/A       100%        8


Dungeon Overview and Level Annotations

Branches:
Dungeon (7/15)            Ossuary (visited)          Bailey (1/1)
 Temple: D:4-7

Altars:
Qazlal
Ru
Sif Muna
Trog
Vehumet
Zin
The Shining One

Shops:
D:1 :


Innate Abilities, Weirdness & Mutations

You are a tree.
Your roots penetrate the ground, keeping you stationary.
You cannot be teleported.
You are immune to unholy pain and torment.
Your maximum health is greatly increased.
Your equipment is partially melded.
You are robust. (+10% HP)


Message History

Your +1 cloak unmelds from your body.
Your +0 pair of gloves unmelds from your body.
Your +0 chain mail unmelds from your body.
You block the orc knight's attack. The orc barely misses you.
You block the orc's attack.
You feel very mighty all of a sudden. You block the orc knight's attack.
You block the orc's attack.
The orc hits you from afar with a +0 halberd!
* * * LOW HITPOINT WARNING * * *
You feel better.
The orc knight hits you with a +0 glaive!
* * * LOW HITPOINT WARNING * * *
The orc barely misses you. You block the orc's attack.
Really quaff the potion of lignification? [Y]es or [N]o only, please.
Really quaff the potion of lignification? [Y]es or [N]o only, please.
Really quaff the potion of lignification?
You turn into a tree.
Your +1 cloak melds into your body.
Your +0 pair of gloves melds into your body.
Your +0 chain mail melds into your body.
Your roots penetrate the ground.
You block the orc knight's attack. You block the orc's attack.
The orc hits you but does no damage.
You bludgeon the orc knight!!
Your weapon exudes an aura of protection.
The orc knight is severely wounded.
The orc no longer looks unusually strong. x2
The orc knight roars a battlecry!
The orcs go into a battle-frenzy!
You block the orc's attack. The orc hits you but does no damage.
You hit the orc knight.
The orc knight is severely wounded.
The orc knight hits you but does no damage.
The orc hits you but does no damage. You block the orc's attack.
You completely miss the orc knight.
The orc knight is severely wounded.
The orc knight hits you with a +0 glaive.
* * * LOW HITPOINT WARNING * * *
The orc hits you with a +0 trident!
You die...

..≈##.##≈...............≈##.##≈..
..≈#.))).....................#≈..
..≈##.∩#≈...............≈#∩.##≈..
..≈≈#.##≈....#######....≈##.#≈≈..
...≈≈.≈≈≈...##....##....≈≈≈.≈≈...
...........##.....##.............
..........##..#'''##.............
..........#..##∩)∩##..##.........
.........##.####♣####.##.........
.........##.')#.oo#)'.##.........
.........##.###.o.###.##.........
.........##.'.#:.?#)'.##.........
.........##.#########.##.........
..........#..##.#.##..#..........
..........##..#'#'#..##..........
...........##.......##...........
...≈≈.≈≈≈...#########...≈≈≈.≈≈...


You could see an orc knight and 2 orcs.

Vanquished Creatures
  Grinder (D:3)
  Prince Ribbit (D:6)
  5 yaks (D:4)
  A steam dragon (D:6)
  Menkaure (D:6)
  An ice beast (D:7)
  6 orc warriors
  An ogre (D:6)
  A centaur (D:5)
  A phantom (D:5)
  2 necrophages (D:5)
  3 scorpions
  A centaur zombie (Ossuary)
  A jelly (D:6)
  5 hounds
  4 orc priests
  2 human zombies (Ossuary)
  3 iguanas
  Natasha (twice) (D:3)
  4 orc wizards
  Ijyb (D:3)
  2 mummies (Ossuary)
  4 gnolls (D:5)
  5 adders
  A shadow imp (D:5)
  2 ufetubi
  4 adder zombies (Ossuary)
  2 worms
  11 dart slugs
  37 orcs
  15 ball pythons
  8 endoplasms
  3 giant cockroaches
  7 goblins
  4 hobgoblins
  8 jackals
  4 quokkas
  6 bats
  3 frilled lizards
  6 hobgoblin zombies (Ossuary)
  8 kobolds
  12 kobold zombies (Ossuary)
  9 orc zombies (Ossuary)
  8 rats
  3 rat zombies (Ossuary)
219 creatures vanquished.

Vanquished Creatures (others)
  A fungus (D:1)
  33 plants
34 creatures vanquished.

Grand Total: 253 creatures vanquished

Notes
Turn   | Place    | Note
-------+----------+-------------------------------------------
     0 | D:1      | nachturnus the Human Fighter began the quest for the Orb.
     0 | D:1      | Reached XP level 1. HP: 18/18 MP: 1/1
   141 | D:1      | Reached XP level 2. HP: 24/24 MP: 2/2
   199 | D:1      | Found Siur's Vocational Training.
   433 | D:1      | Reached XP level 3. HP: 29/29 MP: 3/3
   971 | D:1      | Found a faded altar of an unknown god.
  1360 | D:2      | Gained mutation: You are robust. (+10% HP) [potion of
                  | mutation]
  1754 | D:2      | Reached XP level 4. HP: 38/38 MP: 4/4
  2257 | D:2      | Got Zuyst's Incunable of Mustering and Profane Arts
  2448 | D:3      | Found a sacrificial altar of Ru.
  2601 | D:3      | Noticed Ijyb
  2741 | D:3      | Noticed Grinder
  2777 | D:3      | Paralysed by Grinder for 3 turns
  2795 | D:3      | Killed Grinder
  2796 | D:3      | Reached XP level 5. HP: 30/45 MP: 5/5
  2796 | D:3      | Reached XP level 6. HP: 34/51 MP: 6/6
  3161 | D:3      | Reached XP level 7. HP: 39/57 MP: 7/7
  3176 | D:3      | Killed Ijyb
  3487 | D:3      | Found a shimmering blue altar of Sif Muna.
  3561 | D:3      | Found a bloodstained altar of Trog.
  3693 | D:3      | Noticed Natasha
  3705 | D:3      | Killed Natasha
  3819 | D:3      | Noticed Natasha
  3835 | D:3      | Killed Natasha
  4098 | D:4      | Noticed a yak
  4183 | D:4      | Found a radiant altar of Vehumet.
  4373 | D:4      | Noticed a yak
  4394 | D:4      | HP: 2/57 [yak (12)]
  4395 | D:4      | Killed a yak
  4719 | D:4      | Noticed a yak
  4719 | D:4      | Noticed a yak
  4719 | D:4      | Noticed a yak
  4722 | D:5      | Entered Level 5 of the Dungeon
  5142 | D:4      | Killed a yak
  5143 | D:4      | Reached XP level 8. HP: 47/63 MP: 8/8
  5150 | D:4      | Killed a yak
  5162 | D:4      | Killed a yak
  5170 | D:4      | Killed a yak
  5171 | D:4      | Reached skill level 10 in Maces & Flails
  5564 | D:5      | Reached skill level 12 in Shields
  5564 | D:5      | Reached XP level 9. HP: 69/69 MP: 9/9
  5746 | D:5      | Reached XP level 10. HP: 76/77 MP: 10/10
  5989 | D:5      | Noticed a two-headed ogre
  6075 | D:5      | Found a glowing silver altar of Zin.
  6399 | D:5      | Found a stormy altar of Qazlal.
  6737 | D:6      | Reached skill level 5 in Fighting
  6895 | D:6      | Noticed Menkaure
  6896 | D:6      | Noticed Prince Ribbit
  6914 | D:6      | Killed Menkaure
  6917 | D:6      | Killed Prince Ribbit
  7409 | D:7      | Found a glowing golden altar of the Shining One.
  7436 | D:7      | Found a sand-covered staircase.
  7506 | Ossuary  | Entered an ossuary
  7930 | D:7      | Found a flagged portal.
  7950 | Bailey   | Entered a bailey
  8760 | Bailey   | Noticed an orc knight
  8787 | Bailey   | Slain by an orc

Illustrated notes

Levels and vault maps discovered:
D:1:      dpeg_arrival_round_b, layout_basic,
          shapermc_ecumenical_altar_mp_ritualfount, nicolae_shop_vocational
D:2:      layout_loops_corners
D:3:      kennysheep_slugbush, layout_basic, mainiacjoe_overflow_alcove_1,
          mainiacjoe_overflow_catch_the_wave, serial_bayou_lake_a, uniq_natasha,
          uniq_grinder, uniq_ijyb
D:4:      layout_basic, fiery_altar_vehumet
D:5:      layout_cave_pools, mainiacjoe_overflow_catwalk,
          mainiacjoe_overflow_alcove_2, hangedman_decor_lopped
D:6:      layout_rooms, uniq_menkaure, uniq_prince_ribbit1
D:7:      layout_layer_cave, amcnicky_altar_gilded,
          eat_drink_and_be_merry_uskayaw, mainiacjoe_overflow_cross_hatched,
          minmay_temple_entry_overgrown, nicolae_ossuary_entry_monument,
          enter_bailey_3
Bailey:   bailey_polearm_2, bailey

Skill      XL: |  1  2  3  4  5  6  7  8  9 10 |
---------------+-------------------------------+-----
Maces & Flails | 3 6 7 8 10 | 10.2
Shields        | 12 | 12.4
Fighting       | 7 |  7.1
Armour         | |  3.0

Action                   |  1- 3 |  4- 6 |  7- 9 | 10-12 || total
-------------------------+-------+-------+-------+-------++-------
Melee: Flail             |    96 |   157 |   179 |   475 ||   907
  Use: Scroll            |     2 |     1 |    12 |     3 ||    18
       Potion            |     1 |     1 |     3 |    10 ||    15
Armor: Scale mail        |    47 |    72 |    62 |    50 ||   231
       Chain mail        |       |       |       |   135 ||   135
       Skin              |       |       |       |    17 ||    17
Dodge: Dodged            |    47 |    85 |    64 |    93 ||   289
Block: Buckler           |    28 |    34 |    24 |       ||    86
       Tower shield      |       |       |    38 |   496 ||   534
